| TOP OF THE 1ST |
|
Lakewood BlueClaws batting - Pitching for Binghamton Mets : RHP Salvatore Garcia
|
|
Pitching: RHP Salvatore Garcia
|
|
|
Batting: LHB Osamu Kubo
|
0-0: Called Strike 0-1: SINGLE (Line Drive, 8RS, EV 103.8 MPH)
|
|
Batting: RHB Alberto Ramirez
|
0-0: Ball 1-0: Ball Osamu Kubo steals 2nd base 2-0: Called Strike 2-1: Foul Ball, location: 2F 2-2: Foul Ball, location: 2F Balk! Osamu Kubo to third 2-2: Fly out, F4 (Line Drive, 4, EV 69.4 MPH)
|
|
Batting: RHB Victor Arroyo
|
0-0: Ball 1-0: Ball 2-0: Ball 3-0: Base on Balls
|
|
Batting: RHB Roberto Ruiz
|
0-0: Ball 1-0: Ball 2-0: Ball 3-0: Called Strike 3-1: Foul Ball, location: 2F 3-2: Foul Ball, location: 2F 3-2: Foul Ball, location: 2F 3-2: Foul Ball, location: 2F 3-2: Foul Ball, location: 2F 3-2: 3-RUN HOME RUN (Flyball, 7D, EV 101.9 MPH), Distance : 376 ft
|
|
Batting: RHB Steve Jones
|
0-0: Ball 1-0: Ground out U3 (Groundball, 34S, EV 64.4 MPH)
|
|
Batting: RHB Kyle Morse
|
0-0: Ground out 5-3 (Groundball, 56S, EV 75.0 MPH)
|
| Top of the 1st over - 3 runs, 2 hits, 0 errors, 0 left on base; Lakewood 3 - Binghamton 0 |
| BOTTOM OF THE 1ST |
|
Binghamton Mets batting - Pitching for Lakewood BlueClaws : RHP Jeff Dailey
|
|
Pitching: RHP Jeff Dailey
|
|
|
Batting: LHB Jose Chavez
|
0-0: Ball 1-0: Foul Ball, location: 2F 1-1: Ground out U3 (Groundball, 34S, EV 79.4 MPH)
|
|
Batting: RHB Jose Copado
|
0-0: Ball 1-0: Ball 2-0: Ground out 6-3 (Groundball, 6M, EV 108.8 MPH)
|
|
Batting: SHB Alex Orozco
|
0-0: Ball 1-0: Fly out, F8 (Flyball, 8LD, EV 87.5 MPH)
|
| Bottom of the 1st over - 0 runs, 0 hits, 0 errors, 0 left on base; Lakewood 3 - Binghamton 0 |
| TOP OF THE 2ND |
|
Lakewood BlueClaws batting - Pitching for Binghamton Mets : RHP Salvatore Garcia
|
|
Batting: LHB Troy Hodge
|
0-0: Called Strike 0-1: Foul Ball, location: 2F 0-2: Hit by Pitch
|
|
Batting: RHB Pablo Lopez
|
0-0: DOUBLE (Line Drive, 7LD, EV 105.0 MPH) Troy Hodge to third
|
|
Batting: RHB Pedro Mata
|
0-0: Ball 1-0: Ball 2-0: Ground out 3-1 (Groundball, 34S, EV 86.2 MPH) Troy Hodge scores Pablo Lopez to third
|
|
Batting: LHB Osamu Kubo
|
0-0: Ball 1-0: Swinging Strike 1-1: Foul Ball, location: 2F 1-2: Ball 2-2: Strikes out swinging
|
|
Batting: RHB Alberto Ramirez
|
0-0: SINGLE (Line Drive, 89S, EV 90.6 MPH) Pablo Lopez scores
|
|
Batting: RHB Victor Arroyo
|
0-0: Called Strike Alberto Ramirez steals 2nd base 0-1: Foul Ball, location: 2F 0-2: Ball 1-2: Ball 2-2: Ball 3-2: Foul Ball, location: 2F 3-2: Fly out, F9 (Flyball, 9LM, EV 89.4 MPH)
|
| Top of the 2nd over - 2 runs, 2 hits, 0 errors, 1 left on base; Lakewood 5 - Binghamton 0 |
| BOTTOM OF THE 2ND |
|
Binghamton Mets batting - Pitching for Lakewood BlueClaws : RHP Jeff Dailey
|
|
Batting: RHB Andy Solorzano
|
0-0: Called Strike 0-1: Ball 1-1: Foul Ball, location: 2F 1-2: Foul Ball, location: 2F 1-2: Fly out, F9 (Flyball, 9LM, EV 105.0 MPH)
|
|
Batting: LHB Nate Trahan
|
0-0: Ball 1-0: Fly out, F8 (Flyball, 89M, EV 93.8 MPH)
|
|
Batting: LHB Willie Cintron
|
0-0: Ground out 6-3 (Groundball, 6, EV 89.4 MPH)
|
| Bottom of the 2nd over - 0 runs, 0 hits, 0 errors, 0 left on base; Lakewood 5 - Binghamton 0 |
| TOP OF THE 3RD |
|
Lakewood BlueClaws batting - Pitching for Binghamton Mets : RHP Salvatore Garcia
|
|
Batting: RHB Roberto Ruiz
|
0-0: Called Strike 0-1: Swinging Strike 0-2: Strikes out swinging
|
|
Batting: RHB Steve Jones
|
0-0: Ball 1-0: Ball 2-0: Called Strike 2-1: Called Strike 2-2: SINGLE (Groundball, 34D, EV 107.5 MPH)
|
|
Batting: RHB Kyle Morse
|
0-0: Ball 1-0: Ball 2-0: Swinging Strike 2-1: Ball Steve Jones steals 2nd base 3-1: Foul Ball, location: 2F 3-2: Foul Ball, location: 2F 3-2: Foul Ball, location: 2F 3-2: Fly out, F8 (Flyball, 78M, EV 92.5 MPH)
|
|
Batting: LHB Troy Hodge
|
0-0: Called Strike 0-1: Ground out 4-3 (Groundball, 4, EV 90.6 MPH)
|
| Top of the 3rd over - 0 runs, 1 hit, 0 errors, 1 left on base; Lakewood 5 - Binghamton 0 |
| BOTTOM OF THE 3RD |
|
Binghamton Mets batting - Pitching for Lakewood BlueClaws : RHP Jeff Dailey
|
|
Batting: RHB Matt Skipper
|
0-0: Foul Ball, location: 2F 0-1: Ground out 1-3 (Groundball, 13S, EV 68.1 MPH)
|
|
Batting: LHB Joel Soto
|
0-0: Called Strike 0-1: Foul Ball, location: 2F 0-2: Strikes out swinging
|
|
Batting: LHB Elmo Dreier
|
0-0: Ball 1-0: Ground out 4-3 (Groundball, 4S, EV 86.9 MPH)
|
| Bottom of the 3rd over - 0 runs, 0 hits, 0 errors, 0 left on base; Lakewood 5 - Binghamton 0 |
| TOP OF THE 4TH |
|
Lakewood BlueClaws batting - Pitching for Binghamton Mets : RHP Salvatore Garcia
|
|
Batting: RHB Pablo Lopez
|
0-0: Called Strike 0-1: Swinging Strike 0-2: Ball 1-2: Ground out 6-3 (Groundball, 56, EV 104.4 MPH)
|
|
Batting: RHB Pedro Mata
|
0-0: Swinging Strike 0-1: Ball 1-1: SINGLE (Groundball, 6D, EV 110.6 MPH)
|
|
Batting: LHB Osamu Kubo
|
0-0: Called Strike 0-1: Ball 1-1: Ball 2-1: Swinging Strike 2-2: Ball 3-2: SINGLE (Groundball, 6MD, EV 108.8 MPH) Pedro Mata to second
|
|
Pitching: LHP Matt Allert
|
|
|
Batting: RHB Alberto Ramirez
|
0-0: Ball 1-0: Called Strike 1-1: Called Strike 1-2: Ball 2-2: Ball 3-2: Grounds into double play, 6-4-3 (Groundball, 56, EV 83.8 MPH)
|
| Top of the 4th over - 0 runs, 2 hits, 0 errors, 1 left on base; Lakewood 5 - Binghamton 0 |
| BOTTOM OF THE 4TH |
|
Binghamton Mets batting - Pitching for Lakewood BlueClaws : RHP Jeff Dailey
|
|
Batting: LHB Jose Chavez
|
0-0: Ball 1-0: Ball 2-0: Foul Ball, location: 2F 2-1: Fly out, F8 (Flyball, 8RD, EV 98.8 MPH)
|
|
Batting: RHB Jose Copado
|
0-0: Called Strike 0-1: Swinging Strike 0-2: Foul Ball, location: 2F 0-2: Ball 1-2: Foul Ball, location: 2F 1-2: Fly out, F9 (Flyball, 89M, EV 78.8 MPH)
|
|
Batting: SHB Alex Orozco
|
0-0: Foul Ball, location: 2F 0-1: Reached on error, E4 (Groundball, 34D, EV 91.2 MPH)
|
|
Batting: RHB Andy Solorzano
|
0-0: Swinging Strike 0-1: Called Strike 0-2: Foul Ball, location: 2F 0-2: Fly out, F7 (Line Drive, 7, EV 89.4 MPH)
|
| Bottom of the 4th over - 0 runs, 0 hits, 1 error, 1 left on base; Lakewood 5 - Binghamton 0 |
| TOP OF THE 5TH |
|
Lakewood BlueClaws batting - Pitching for Binghamton Mets : LHP Matt Allert
|
|
Batting: RHB Victor Arroyo
|
0-0: Ball 1-0: Ball 2-0: Ball 3-0: Called Strike 3-1: Foul Ball, location: 2F 3-2: SINGLE (Line Drive, 6MD, EV 104.4 MPH)
|
|
Batting: RHB Roberto Ruiz
|
0-0: Ball 1-0: Swinging Strike 1-1: Fly out, F8 (Flyball, 8RS, EV 88.1 MPH)
|
|
Batting: RHB Steve Jones
|
0-0: Ball 1-0: Grounds into double play, 6-4-3 (Groundball, 6, EV 100.0 MPH)
|
| Top of the 5th over - 0 runs, 1 hit, 0 errors, 0 left on base; Lakewood 5 - Binghamton 0 |
| BOTTOM OF THE 5TH |
|
Binghamton Mets batting - Pitching for Lakewood BlueClaws : RHP Jeff Dailey
|
|
Batting: LHB Nate Trahan
|
0-0: Foul Ball, location: 2F 0-1: Ball 1-1: Swinging Strike 1-2: Strikes out swinging
|
|
Batting: LHB Willie Cintron
|
0-0: Swinging Strike 0-1: Called Strike 0-2: Ball 1-2: Ball 2-2: Ground out 4-3 (Groundball, 34D, EV 104.4 MPH)
|
|
Batting: RHB Matt Skipper
|
0-0: Ground out 3-1 (Groundball, 34, EV 100.0 MPH)
|
| Bottom of the 5th over - 0 runs, 0 hits, 0 errors, 0 left on base; Lakewood 5 - Binghamton 0 |
| TOP OF THE 6TH |
|
Lakewood BlueClaws batting - Pitching for Binghamton Mets : LHP Matt Allert
|
|
Batting: RHB Kyle Morse
|
0-0: Foul Ball, location: 2F 0-1: Called Strike 0-2: Strikes out swinging
|
|
Batting: LHB Troy Hodge
|
0-0: Foul Ball, location: 2F 0-1: Ball 1-1: Swinging Strike 1-2: Ball 2-2: Strikes out looking
|
|
Batting: RHB Pablo Lopez
|
0-0: Called Strike 0-1: Foul Ball, location: 2F 0-2: Strikes out swinging
|
| Top of the 6th over - 0 runs, 0 hits, 0 errors, 0 left on base; Lakewood 5 - Binghamton 0 |
| BOTTOM OF THE 6TH |
|
Binghamton Mets batting - Pitching for Lakewood BlueClaws : RHP Jeff Dailey
|
|
Batting: LHB Joel Soto
|
0-0: Foul Ball, location: 2F 0-1: Foul Ball, location: 2F 0-2: Ball 1-2: Foul Ball, location: 2F 1-2: Ball 2-2: Ground out 6-3 (Groundball, 6M, EV 103.1 MPH)
|
|
Batting: LHB Elmo Dreier
|
0-0: Fly out, F7 (Flyball, 78M, EV 91.9 MPH)
|
|
Batting: LHB Jose Chavez
|
0-0: Ball 1-0: Ball 2-0: Swinging Strike 2-1: Ball 3-1: Base on Balls
|
|
Batting: RHB Jose Copado
|
0-0: Ball 1-0: SINGLE (Line Drive, 78S, EV 94.4 MPH) Jose Chavez to second
|
|
Batting: SHB Alex Orozco
|
0-0: Ball 1-0: Foul Ball, location: 2F 1-1: Ball 2-1: SINGLE (Line Drive, 8RS, EV 90.6 MPH) Jose Chavez to third Jose Copado to second Runner from 3rd tries for Home, SAFE, throw by CF to home Jose Copado to third Alex Orozco to second
|
|
Batting: RHB Andy Solorzano
|
0-0: Called Strike 0-1: Ball 1-1: Ball 2-1: Swinging Strike 2-2: Ball 3-2: Ground out 6-3 (Groundball, 4MS, EV 61.9 MPH)
|
| Bottom of the 6th over - 1 run, 2 hits, 0 errors, 2 left on base; Lakewood 5 - Binghamton 1 |
| TOP OF THE 7TH |
|
Lakewood BlueClaws batting - Pitching for Binghamton Mets : LHP Matt Allert
|
|
Pitching: RHP Francis Cornick
|
|
|
Batting: RHB Pedro Mata
|
0-0: Foul Ball, location: 2F 0-1: Ball 1-1: Ball 2-1: Foul Ball, location: 2F 2-2: Foul Ball, location: 2F 2-2: Foul Ball, location: 2F 2-2: Strikes out looking
|
|
Batting: LHB Osamu Kubo
|
0-0: Ball 1-0: Ground out 6-3 (Groundball, 4M, EV 81.9 MPH)
|
|
Batting: RHB Alberto Ramirez
|
0-0: Fly out, F7 (Flyball, 7D, EV 96.9 MPH)
|
| Top of the 7th over - 0 runs, 0 hits, 0 errors, 0 left on base; Lakewood 5 - Binghamton 1 |
| BOTTOM OF THE 7TH |
|
Binghamton Mets batting - Pitching for Lakewood BlueClaws : RHP Jeff Dailey
|
|
Batting: LHB Nate Trahan
|
0-0: Ball 1-0: Foul Ball, location: 2F 1-1: Foul Ball, location: 2F 1-2: Ball 2-2: Strikes out looking
|
|
Batting: LHB Willie Cintron
|
0-0: Ball 1-0: Foul Ball, location: 2F 1-1: Fly out, F1 (Line Drive, P, EV 68.8 MPH)
|
|
Batting: RHB Matt Skipper
|
0-0: Ground out 1-3 (Groundball, 13S, EV 68.1 MPH)
|
| Bottom of the 7th over - 0 runs, 0 hits, 0 errors, 0 left on base; Lakewood 5 - Binghamton 1 |
| TOP OF THE 8TH |
|
Lakewood BlueClaws batting - Pitching for Binghamton Mets : RHP Francis Cornick
|
|
Batting: RHB Victor Arroyo
|
0-0: Ball 1-0: Called Strike 1-1: Swinging Strike 1-2: Strikes out swinging
|
|
Batting: RHB Roberto Ruiz
|
0-0: Called Strike 0-1: Foul Ball, location: 2F 0-2: Ball 1-2: Ball 2-2: Ball 3-2: Base on Balls
|
|
Batting: RHB Steve Jones
|
0-0: Ball 1-0: Fielders Choice at 2nd, 5-4 (Groundball, 5S, EV 86.9 MPH)
|
|
Batting: RHB Kyle Morse
|
0-0: Called Strike Steve Jones steals 2nd base (no throw) 0-1: Ball 1-1: Ground out 6-3 (Groundball, 6, EV 80.0 MPH)
|
| Top of the 8th over - 0 runs, 0 hits, 0 errors, 1 left on base; Lakewood 5 - Binghamton 1 |
| BOTTOM OF THE 8TH |
|
Binghamton Mets batting - Pitching for Lakewood BlueClaws : RHP Jeff Dailey
|
|
Batting: LHB Joel Soto
|
0-0: Ball 1-0: Reached on error, E5 (Groundball, 5, EV 101.9 MPH)
|
|
Batting: LHB Elmo Dreier
|
0-0: Grounds into double play, 4-6-3 (Groundball, 4, EV 95.6 MPH)
|
|
Batting: LHB Jose Chavez
|
0-0: Ball 1-0: Ball 2-0: SINGLE (Flyball, 9LS, EV 92.5 MPH)
|
|
Batting: RHB Jose Copado
|
0-0: Fielders Choice at 2nd, 6-4 (Groundball, 6, EV 101.2 MPH)
|
| Bottom of the 8th over - 0 runs, 1 hit, 1 error, 1 left on base; Lakewood 5 - Binghamton 1 |
| TOP OF THE 9TH |
|
Lakewood BlueClaws batting - Pitching for Binghamton Mets : RHP Francis Cornick
|
|
Pitching: LHP David Mars
|
|
|
Batting: LHB Troy Hodge
|
0-0: Ball 1-0: Called Strike 1-1: Swinging Strike 1-2: Foul Ball, location: 2F 1-2: Ball 2-2: Strikes out swinging, 2-3 out at first.
|
|
Batting: RHB Pablo Lopez
|
0-0: Ball 1-0: Swinging Strike 1-1: Ball 2-1: Foul Ball, location: 2F 2-2: Foul Ball, location: 2F 2-2: Ball 3-2: Foul Ball, location: 2F 3-2: Foul Ball, location: 2F 3-2: Base on Balls
|
|
Batting: RHB Pedro Mata
|
0-0: Called Strike 0-1: Grounds into double play, 5-4-3 (Groundball, 5, EV 103.8 MPH)
|
| Top of the 9th over - 0 runs, 0 hits, 0 errors, 0 left on base; Lakewood 5 - Binghamton 1 |
| BOTTOM OF THE 9TH |
|
Binghamton Mets batting - Pitching for Lakewood BlueClaws : RHP Jeff Dailey
|
|
Batting: SHB Alex Orozco
|
0-0: Called Strike 0-1: Swinging Strike 0-2: Strikes out swinging
|
|
Batting: RHB Andy Solorzano
|
0-0: Swinging Strike 0-1: Ball 1-1: Swinging Strike 1-2: Ground out 6-3 (Groundball, 6, EV 99.4 MPH)
|
|
Batting: LHB Nate Trahan
|
0-0: Called Strike 0-1: Ball 1-1: Foul Ball, location: 2F 1-2: Ball 2-2: Foul Ball, location: 2F 2-2: Ball 3-2: DOUBLE (Flyball, 8RXD, EV 96.9 MPH)
|
|
Pitching: RHP Ben Clayton
|
|
|
Batting: LHB Willie Cintron
|
0-0: Ball 1-0: Foul Ball, location: 2F 1-1: Ball 2-1: Swinging Strike 2-2: Strikes out swinging
|
| Bottom of the 9th over - 0 runs, 1 hit, 0 errors, 1 left on base; Lakewood 5 - Binghamton 1 |
|